 Dungeon Crawl Stone Soup version 0.31-a0-1-g4198be8af4 (webtiles) character file.

Game seed: 12876558396005576423

93 fozzywoppz the Sneak (level 4, -1/21 HPs)
             Began as a Spriggan Enchanter on May 1, 2023.
             Slain by a kobold
             ... wielding a +0 short sword
              (3 damage)
             ... on level 3 of the Dungeon.
             The game lasted 00:06:30 (1880 turns).

fozzywoppz the Sneak (Spriggan Enchanter)           Turns: 1880, Time: 00:06:31

Health: -1/21      AC:  2    Str:  4    XL:     4   Next: 36%
Magic:  8/10       EV: 18    Int: 16    God:
Gold:   91         SH:  0    Dex: 17    Spells: 2/10 levels left

rFire   . . .        e - +1 dagger (elec)
rCold   . . .        (no shield)
rNeg    . . .        b - +0 robe
rPois   .            (helmet restricted)
rElec   .            (no cloak)
rCorr   .            (gloves unavailable)
SInv    +            (boots unavailable)
Will    .....        f - amulet of magic regeneration
Stlth   +++          (no ring)
HPRegen 0.23/turn    (no ring)
MPRegen 0.52/turn

%: no passive effects
@: very quick
A: very small, no large weapons, unfitting armour, see invisible, speed 3
a: no special abilities


You were on level 3 of the Dungeon.
You visited 1 branch of the dungeon, and saw 3 of its levels.

You collected 91 gold pieces.

Inventory:

Hand Weapons
 e - a +1 dagger of electrocution (weapon)
Armour
 b - a +0 robe (worn)
Jewellery
 f - an amulet of magic regeneration (around neck)
Scrolls
 g - a scroll of identify {unknown}
 h - a scroll of brand weapon {unknown}
 j - a scroll of enchant armour {unknown}
 k - a scroll of teleportation {unknown}
 l - a scroll of fog {unknown}
Potions
 a - 2 potions of lignification {unknown}
 c - 2 potions of invisibility
 d - a potion of haste
 i - a potion of heal wounds {unknown}


   Skills:
 + Level 1.9 Short Blades
 + Level 3.4 Dodging
 + Level 5.4 Stealth
 + Level 3.5 Spellcasting
 + Level 4.5 Hexes


You had 2 spell levels left.
You knew the following spells:

 Your Spells              Type           Power      Damage    Failure   Level
a - Ensorcelled Hibernat  Hex/Ice        20%        N/A       11%         2
b - Confusing Touch       Hex            17%        N/A       9%          3
c - Tukima's Dance        Hex            17%        N/A       9%          3

Your spell library contained the following spells:

 Spells                   Type           Power      Damage    Failure   Level
 Dazzling Flash           Conj/Hex       20%        N/A       22%         3


Dungeon Overview and Level Annotations

Branches:
Dungeon (3/15)

Altars:

Shops:
D:2 (


Innate Abilities, Weirdness & Mutations

You are very small and have problems with some larger weapons.
You are too small for most types of armour.
You have supernaturally acute eyesight. (SInv)
You cover ground extremely quickly. (Speed+++)


Message History

The orc priest is moderately wounded.
The orc priest misses you. The orc misses you.
The kobold hits you with a +0 short sword.
You hit the orc priest but do no damage.
The orc priest is moderately wounded.
The orc priest hits you with a +0 whip.
* * * LOW HITPOINT WARNING * * *
The kobold barely misses you. The orc misses you.
Unknown command.
The orc priest looks braver for a moment.
Casting: Ensorcelled Hibernation (safe; 11% risk of failure)
Confirm with . or Enter, or press ? or * to list all spells.
Aiming: Ensorcelled Hibernation (safe; 11% risk of failure)
Press: ? - help, Shift-Dir - straight line, f/p - orc
Aim: an orc, wielding a +0 mace and wearing a +0 leather armour (chance to affect: 62%)
The orc looks drowsy...
Unknown command.
The kobold hits you with a +0 short sword.
* * * LOW HITPOINT WARNING * * *
Casting: Ensorcelled Hibernation (safe; 11% risk of failure)
Confirm with . or Enter, or press ? or * to list all spells.
Aiming: Ensorcelled Hibernation (safe; 11% risk of failure)
Press: ? - help, Shift-Dir - straight line, f - orc priest, p - orc
Aim: an orc priest, wielding a +0 whip and wearing a +0 leather armour (moderately wounded, chance to affect: 44%)
The orc priest looks drowsy...
The kobold barely misses you.
Unknown command.
You closely miss the kobold.
The orc shouts!
The kobold hits you with a +0 short sword.
* * * LOW HITPOINT WARNING * * *
Unknown command.
You hit the orc priest but do no damage.
The orc priest is moderately wounded.
The orc priest completely misses you. The kobold hits you but does no damage.
You hit the orc priest.
The orc priest is moderately wounded.
The orc priest invokes the aid of Beogh against you.
You struggle to resist.
The kobold hits you with a +0 short sword.
You die...

#######################
#........#..#≈≈§≈≈≈≈≈≈##
#........#....§§§....... .
#$!......#.##≈§§§§≈≈≈≈#...
#..........############..#
#......<..## ##.##.#......#
#...!..).[####>o..........#
#.............@Ko.........#
#........##...###.........#
#........#..#####...#.....#
#########..## ##...##..)..#
##..#####...........#
#######..#J.........#K....#
........##.#.....##.# ....#
.............##.###... ...#
.......########.# ##.## ...


You could see an orc priest, an orc and a kobold.

Vanquished Creatures
  An orc priest (D:3)
  2 adders (D:2)
  3 orcs
  3 ball pythons (D:1)
  5 endoplasms
  6 goblins
  2 hobgoblins
  4 jackals (D:2)
  3 quokkas (D:1)
  3 bats
  A frilled lizard (D:1)
  2 kobolds
  4 rats
39 creatures vanquished.

Notes
Turn   | Place    | Note
-------+----------+-------------------------------------------
     0 | D:1      | fozzywoppz the Spriggan Enchanter began the quest for the
                  | Orb.
     0 | D:1      | Reached XP level 1. HP: 9/9 MP: 5/5
   176 | D:1      | Reached XP level 2. HP: 8/13 MP: 6/6
   186 | D:1      | Learned a level 2 spell: Ensorcelled Hibernation
   839 | D:2      | Found Coesaro's Antique Weapon Shoppe.
   853 | D:2      | Reached skill level 5 in Stealth
   868 | D:2      | Reached XP level 3. HP: 16/16 MP: 5/8
  1672 | D:2      | Learned a level 3 spell: Confusing Touch
  1676 | D:2      | Learned a level 3 spell: Tukima's Dance
  1690 | D:3      | Reached XP level 4. HP: 7/21 MP: 5/10
  1738 | D:3      | HP: 1/21 [orc priest/divine providence (13)]
  1880 | D:3      | Slain by a kobold

Illustrated notes

Levels and vault maps discovered:
D:1:      minmay_arrival_five_plusses, layout_basic
D:2:      layout_loops_corners, serial_shops, shop
D:3:      layout_rooms, chequers_ecumenical_altar_simple_redux,
          amcnicky_mini_rare_corridor_liquid, hangedman_decor_diamond_cutter

Skill      XL: |  1  2 |
---------------+-------+-----
Hexes          | 4 |  4.5
Spellcasting   | 3 |  3.5
Stealth        | 5 |  5.4
Dodging        | 3 |  3.4
Short Blades   | |  1.9

Action                     |  1- 3 |  4- 6 || total
---------------------------+-------+-------++-------
  Melee: Dagger            |    95 |    12 ||   107
         Punch             |     2 |       ||     2
   Cast: Ensorcelled Hiber |    10 |     9 ||    19
         Confusing Touch   |       |     1 ||     1
    Use: Potion            |       |     1 ||     1
   Stab: Sleeping          |    18 |     1 ||    19
 Armour: Robe              |     5 |     1 ||     6
  Dodge: Dodged            |    66 |    17 ||    83

Table legend: (Time is in decaauts)
 A = Elapsed time spent in this place.
 B = Non-inter-level travel time spent in this place.
 C = Inter-level travel time spent in this place.
 D = Time resting spent in this place.
 E = Time spent auto-exploring this place.
 F = Levels seen in this place.
 G = Mean time per level.
                   A        B        C        D        E       F      G
               +--------+--------+--------+--------+--------+-----+--------+
         Total |   1258 |   1221 |     37 |     69 |    743 |   3 |  419.3 |
       Dungeon |   1258 |   1221 |     37 |     69 |    743 |   3 |  419.3 |
               +--------+--------+--------+--------+--------+-----+--------+

Top non-repeatable levels by time:
     D:2: 686 daAuts
     D:1: 482 daAuts
     D:3: 89 daAuts
